 Dungeon Crawl Stone Soup version 0.30-a0-170-g85af917532 (webtiles) character file.

Game seed: 11957581071452878715

383 qw the Chopper (level 6, -5/38 HPs)
             Began as a Gargoyle Fighter on Sept 30, 2022.
             Slain by Menkaure (10 damage)
             ... on level 4 of the Dungeon.
             The game lasted 00:01:16 (3286 turns).

qw the Chopper (Gargoyle Fighter)                   Turns: 3286, Time: 00:01:17

Health: -5/38      AC: 14    Str: 22    XL:     6   Next: 76%
Magic:  6/6        EV:  9    Int:  8    God:
Gold:   134        SH:  4    Dex:  9    Spells: 5/5 levels left

rFire   . . .      SeeInvis .    Y - +1 war axe
rCold   . . .      Faith    .    c - +0 buckler
rNeg    + . .      Spirit   .    b - +0 scale mail
rPois   inf        Reflect  .    j - +0 helmet
rElec   +          Harm     .    (no cloak)
rCorr   +          Rampage  .    a - +1 pair of gloves
Will    .....                    (no boots)
Stlth   ..........               (no amulet)
HPRegen 0.12/turn                i - ring of resist corrosion
MPRegen 0.10/turn                (no ring)

@: about to teleport
A: sickness immunity, AC +4, negative energy resistance 1, electricity
resistance, torment resistance 1, petrification resistance
a: no special abilities


You were on level 4 of the Dungeon.
You visited 1 branch of the dungeon, and saw 4 of its levels.

You collected 154 gold pieces.
You spent 20 gold pieces at shops.


Innate Abilities, Weirdness & Mutations

You are immune to sickness and miasma.
Your stone body is resilient. (AC +4)
You are immune to poison.
You resist negative energy. (rN+)
You are resistant to electric shocks. (rElec)
You are resistant to unholy torment.
You are immune to petrification.


   Skills:
 - Level 4.0 Fighting
 + Level 5.8 Axes
 - Level 3.2 Armour
 - Level 1.3 Dodging
 - Level 3.2 Shields


You had 5 spell levels left.
You didn't know any spells.
Your spell library was empty.

Inventory:

Hand Weapons
 h - a +0 flail
 Y - a +1 war axe (weapon)
Armour
 a - a +1 pair of gloves (worn)
 b - a +0 scale mail (worn)
 c - a +0 buckler (worn)
 j - a +0 helmet (worn)
Jewellery
 i - a ring of resist corrosion (left hand)
Scrolls
 e - 2 scrolls of identify
 n - 2 scrolls of teleportation
Potions
 d - 2 potions of might
 f - 2 potions of curing
 g - a potion of lignification {unknown}

Dungeon Overview and Level Annotations

Branches:
Dungeon (4/15)
 Temple: D:4-7

Altars:
Cheibriados

Shops:
D:2 *

Annotations:
D:4 Menkaure


Message History

3238 ||| FLEEEEING.
3239 ||| FLEEEEING.
3240 ||| FLEEEEING.
3241 ||| FLEEEEING.
3244 ||| FLEEEEING.
3245 ||| FLEEEEING.
3246 ||| FLEEEEING.
3247 ||| FLEEEEING.
You completely miss the goblin. The goblin barely misses you.
You hit the goblin.
The goblin is heavily wounded.
The goblin hits you but does no damage. x2
You hit the goblin.
The goblin is severely wounded.
The goblin hits you but does no damage.
You slash the goblin!
You kill the goblin!
You start resting.
HP restored.
You see here a book of Rime.
Menkaure is nearby!
Menkaure barely misses you.
You slash Menkaure!
Menkaure is moderately damaged.
Menkaure hits you!
You barely miss Menkaure.
Menkaure is moderately damaged.
Menkaure hits you!
You hit Menkaure.
Menkaure is heavily damaged.
You block Menkaure's attack.
You slash Menkaure!
Menkaure is almost destroyed.
Menkaure hits you!
3286 ||| READING 3 scrolls of teleportation.
As you read the scroll of teleportation, it crumbles to dust.
You feel strangely unstable. Menkaure hits you!
You die...

.### #######.#.###...# ## ...#
#...###.#.###...# #. .#.#
#.#.............# #. .#.#
#...##########'## #> .#.# ##.##
##...## #. ##.# #.### ##.....##
#. ...# #.#.## ##.>.....## #.
..##########....####.........###.
................@.....)......'...
..##########...M###...##.....###.
.## #.#.###.....##...## ## ##
#.####.......#..## # # #.#
##.......#### # # ..# #.........#
.####.........# #):.....#####
#....####..}#


You could see Menkaure.

Vanquished Creatures
  A necrophage (D:4)
  2 scorpions (D:4)
  A jelly (D:3)
  An iguana (D:4)
  3 gnolls (D:3)
  4 adders
  A worm (D:3)
  A dart slug (D:1)
  5 endoplasms
  5 giant cockroaches
  13 goblins
  5 hobgoblins
  6 kobolds
  6 quokkas
  4 ball pythons
  5 bats
  3 frilled lizards (D:1)
  7 rats
73 creatures vanquished.

Notes
Turn   | Place    | Note
-------+----------+-------------------------------------------
     0 | D:1      | qw the Gargoyle Fighter began the quest for the Orb.
     0 | D:1      | Reached XP level 1. HP: 14/14 MP: 1/1
     0 | D:1      | 0 ||| qw: Version: 0.2-a-12-gaebbb33
     0 | D:1      | 0 ||| qw: Game counter: 1428
     0 | D:1      | 0 ||| qw: Always use a shield: true
     0 | D:1      | 0 ||| qw: God list: Okawaru
     0 | D:1      | 0 ||| qw: Allow faded altars: false
     0 | D:1      | 0 ||| qw: Do Orc after D:15 true
     0 | D:1      | 0 ||| qw: Do second Lair branch before Depths: true
     0 | D:1      | 0 ||| qw: Lair rune preference: random
     0 | D:1      | 0 ||| qw: Plans: Normal, Zot:1-4, God:TSO, Crypt, Tomb,
                  | Pan, Slime:5, Hells, Abyss, Orb
     0 | D:1      | 0 ||| PLANNING D:1-11
    79 | D:1      | Found a faded altar of an unknown god.
    94 | D:1      | Reached skill level 2 in Axes
   152 | D:1      | Reached XP level 2. HP: 15/19 MP: 2/2
   328 | D:1      | 328 ||| Stepping ~*~*~tactically~*~*~ (stealth).
   330 | D:1      | 330 ||| Stepping ~*~*~tactically~*~*~ (stealth).
   332 | D:1      | 332 ||| Stepping ~*~*~tactically~*~*~ (stealth).
   342 | D:1      | 342 ||| Stepping ~*~*~tactically~*~*~ (stealth).
   390 | D:1      | 390 ||| Stepping ~*~*~tactically~*~*~ (hiding).
   399 | D:1      | Reached skill level 3 in Axes
   528 | D:1      | Reached XP level 3. HP: 23/23 MP: 3/3
   818 | D:1      | 818 ||| DROPPING ring of flight.
   819 | D:1      | 819 ||| READING scroll labelled SUHI AL VEOMU.
   820 | D:1      | 820 ||| READING scroll labelled RICIJA MENIPNEACA.
   825 | D:1      | 825 ||| READING scroll labelled IVVIP LETTILESS.
   826 | D:1      | 826 ||| DRINKING 3 orange potions.
   862 | D:2      | Found Xarot's General Store.
   894 | D:2      | 894 ||| Stepping ~*~*~tactically~*~*~ (stealth).
   921 | D:2      | 921 ||| SHOPLISTING +0 whip (25 gold, have 20).
   921 | D:2      | 921 ||| SHOPLISTING +1 leather armour of cold resistance
                  | (140 gold, have 20).
   921 | D:2      | 921 ||| BUYING scroll of identify (20 gold).
   921 | D:2      | Bought a scroll of identify for 20 gold pieces
   921 | D:2      | 921 ||| SHOPLISTING scroll of identify (20 gold, have 0).
  1374 | D:2      | 1374 ||| UPGRADING to +0 helmet.
  1379 | D:2      | 1379 ||| UPGRADING to ring of resist corrosion.
  1380 | D:2      | 1380 ||| READING scroll labelled OFULUTTAMA.
  1381 | D:2      | 1381 ||| READING scroll labelled POLAL GEOCYSH.
  1382 | D:2      | 1382 ||| READING scroll labelled JIYFUU FURO.
  1383 | D:2      | 1383 ||| READING scroll labelled FIRITI WAHARODD.
  1384 | D:2      | 1384 ||| READING 2 scrolls of identify.
  1384 | D:2      | 1384 ||| IDENTIFYING puce potion
  1385 | D:2      | 1385 ||| DROPPING potion of flight.
  1429 | D:3      | Reached XP level 4. HP: 28/28 MP: 4/4
  1439 | D:3      | 1439 ||| Stepping ~*~*~tactically~*~*~ (stealth).
  1443 | D:3      | 1443 ||| FLEEEEING.
  1444 | D:3      | 1444 ||| FLEEEEING.
  1445 | D:3      | 1445 ||| FLEEEEING.
  1446 | D:3      | 1446 ||| STAIRDANCE
  1473 | D:3      | Reached skill level 4 in Axes
  1473 | D:3      | 1473 ||| STAIRDANCE
  1680 | D:3      | 1680 ||| Stepping ~*~*~tactically~*~*~ (stealth).
  1681 | D:3      | 1681 ||| Stepping ~*~*~tactically~*~*~ (stealth).
  1691 | D:3      | 1691 ||| Stepping ~*~*~tactically~*~*~ (stealth).
  1772 | D:3      | 1772 ||| Stepping ~*~*~tactically~*~*~ (hiding).
  1788 | D:3      | Reached XP level 5. HP: 18/32 MP: 5/5
  1882 | D:3      | 1882 ||| FLEEEEING.
  1883 | D:3      | 1883 ||| FLEEEEING.
  1884 | D:3      | 1884 ||| FLEEEEING.
  1885 | D:3      | 1885 ||| FLEEEEING.
  1886 | D:3      | 1886 ||| FLEEEEING.
  1887 | D:3      | 1887 ||| FLEEEEING.
  1888 | D:3      | 1888 ||| FLEEEEING.
  1889 | D:3      | 1889 ||| FLEEEEING.
  1893 | D:3      | 1893 ||| FLEEEEING.
  1894 | D:3      | 1894 ||| FLEEEEING.
  1895 | D:3      | 1895 ||| FLEEEEING.
  1896 | D:3      | 1896 ||| FLEEEEING.
  2163 | D:3      | 2163 ||| DROPPING +0 club.
  2437 | D:3      | 2437 ||| UPGRADING to +1 pair of gloves.
  2442 | D:3      | 2442 ||| READING scroll labelled GYOCLE JAANG.
  2543 | D:3      | 2543 ||| READING scroll labelled DYP UBOULL.
  2596 | D:4      | Reached skill level 5 in Axes
  2803 | D:4      | 2803 ||| Stepping ~*~*~tactically~*~*~ (stealth).
  2812 | D:4      | Reached XP level 6. HP: 27/38 MP: 6/6
  2821 | D:4      | Reached skill level 1 in Dodging
  3093 | D:4      | Found a snail-covered altar of Cheibriados.
  3204 | D:4      | 3204 ||| Stepping ~*~*~tactically~*~*~ (stealth).
  3205 | D:4      | 3205 ||| Stepping ~*~*~tactically~*~*~ (stealth).
  3212 | D:4      | Noticed Menkaure
  3213 | D:4      | 3213 ||| FLEEEEING.
  3214 | D:4      | 3214 ||| FLEEEEING.
  3215 | D:4      | 3215 ||| FLEEEEING.
  3216 | D:4      | 3216 ||| FLEEEEING.
  3218 | D:4      | 3218 ||| FLEEEEING.
  3220 | D:4      | 3220 ||| FLEEEEING.
  3221 | D:4      | 3221 ||| FLEEEEING.
  3222 | D:4      | 3222 ||| FLEEEEING.
  3223 | D:4      | 3223 ||| FLEEEEING.
  3224 | D:4      | 3224 ||| FLEEEEING.
  3225 | D:4      | 3225 ||| FLEEEEING.
  3226 | D:4      | 3226 ||| FLEEEEING.
  3227 | D:4      | 3227 ||| FLEEEEING.
  3228 | D:4      | 3228 ||| FLEEEEING.
  3229 | D:4      | 3229 ||| FLEEEEING.
  3230 | D:4      | 3230 ||| FLEEEEING.
  3231 | D:4      | 3231 ||| FLEEEEING.
  3232 | D:4      | 3232 ||| FLEEEEING.
  3233 | D:4      | 3233 ||| FLEEEEING.
  3234 | D:4      | 3234 ||| FLEEEEING.
  3235 | D:4      | 3235 ||| FLEEEEING.
  3236 | D:4      | 3236 ||| FLEEEEING.
  3237 | D:4      | 3237 ||| FLEEEEING.
  3238 | D:4      | 3238 ||| FLEEEEING.
  3239 | D:4      | 3239 ||| FLEEEEING.
  3240 | D:4      | 3240 ||| FLEEEEING.
  3241 | D:4      | 3241 ||| FLEEEEING.
  3244 | D:4      | 3244 ||| FLEEEEING.
  3245 | D:4      | 3245 ||| FLEEEEING.
  3246 | D:4      | 3246 ||| FLEEEEING.
  3247 | D:4      | 3247 ||| FLEEEEING.
  3285 | D:4      | HP: 5/38 [Menkaure (14)]
  3286 | D:4      | 3286 ||| READING 3 scrolls of teleportation.
  3286 | D:4      | Slain by Menkaure

Levels and vault maps discovered:
D:1:      dpeg_arrival_rhombus, layout_rooms, serial_curves, eino_curves_02,
          eino_curves_04, basic_ecumenical_altar
D:2:      layout_rooms, serial_shops, shop_statue
D:3:      layout_basic
D:4:      kennysheep_spiral_hall, layout_loops_corners, cheibriados_altar_1,
          uniq_menkaure

Skill      XL: |  1  2  3  4  5  6 |
---------------+-------------------+-----
Axes           | 2 3 4 5 |  5.8
Fighting       | 4 |  4.0
Dodging        | 1 |  1.3
Armour         | |  3.2
Shields        | |  3.2

Action                   |  1- 3 |  4- 6 || total
-------------------------+-------+-------++-------
Melee: War axe           |   106 |    98 ||   204
  Use: Scroll            |     8 |     3 ||    11
       Potion            |     1 |       ||     1
Armor: Scale mail        |    56 |    46 ||   102
Dodge: Dodged            |    48 |    43 ||    91
Block: Buckler           |    16 |    23 ||    39

Table legend:
 A = Non-vault XP
 B = Vault XP
 C = Vault XP percentage of total XP
 D = Non-vault monster count
 E = Vault monster count
 F = Vault count percentage of total count
                 A         B        C        D         E       F
            +---------+---------+-------+---------+---------+-------
      Total |     451 |      97 |  17.7 |      69 |       4 |   5.5
            +---------+---------+-------+---------+---------+-------
        D:1 |      45 |       0 |   0.0 |      27 |       0 |   0.0
        D:2 |      36 |       0 |   0.0 |      14 |       0 |   0.0
        D:3 |     129 |       0 |   0.0 |      20 |       0 |   0.0
        D:4 |     241 |      97 |  28.7 |       8 |       4 |  33.3
            +---------+---------+-------+---------+---------+-------
